Map: Blackrock LE

Players

Jumy (ForJumy) - Winner!

  • Race: Protoss Protoss
  • League: Master
  • Spawn Location: 7:00

HolyHit

  • Race: Protoss Protoss
  • League: Grandmaster
  • Spawn Location: 1:00

Event: HomeStory Cup XXIX

VOD

Have the link to the VOD?

Description

Time

  • Played on: July 3, 2026, 10:08 a.m.
  • Length: 6:02

All games in this series

Show
View Real Time Build Order
Export as new Build Order

Jumy Protoss - Winner!

Build Orders:  

Get SALT Encoding   

  8  0:00  Probe (Chrono Boost)  
  9  0:12  Probe (Chrono Boost)  
  10  0:20  Probe (Chrono Boost)  
  11  0:26  Probe  
  12  0:32  Pylon  
  12  0:39  Probe  
  13  0:51  Probe  
  13  0:55  Gateway  
  14  1:03  Probe (Chrono Boost)  
  15  1:05  Assimilator  
  15  1:15  Probe (Chrono Boost)  
  16  1:22  Gateway, Probe (Chrono Boost)  
  18  1:32  Probe  
  18  1:42  Cybernetics Core  
  18  1:45  Probe  
  19  1:55  Pylon  
  19  1:57  Probe  
  19  1:59  Assimilator  
  20  2:09  Probe  
  21  2:19  Stalker  
  21  2:20  Stalker  
  25  2:23  Probe  
  26  2:32  Warp Gate  
  26  2:37  Pylon  
  26  2:38  Probe  
  27  2:50  Probe  
  28  2:54  Adept x2  
  31  3:02  Probe  
  32  3:12  Robotics Facility  
  32  3:23  Probe  
  37  3:35  Pylon  
  37  3:37  Sentry x2  
  37  3:53  Probe, Nexus  
  38  4:05  Probe  
  38  4:08  Shield Battery  
  39  4:16  Immortal (Chrono Boost)  
  35  4:18  Probe  
  40  4:26  Sentry  
  40  4:28  Stalker  
  44  4:38  Pylon  
  44  4:41  Shield Battery  
  44  4:56  Sentry  
  46  5:01  Stalker  
  46  5:05  Probe  
  49  5:15  Probe  
  50  5:27  Probe  
  51  5:37  Probe  
  51  5:38  Stalker x2  
  56  5:46  Probe  
Show
View Real Time Build Order
Export as new Build Order

HolyHit Protoss 

Build Orders:  

Get SALT Encoding   

  8  0:00  Probe (Chrono Boost)  
  9  0:13  Probe (Chrono Boost)  
  10  0:18  Probe (Chrono Boost)  
  11  0:27  Probe  
  12  0:32  Pylon  
  12  0:39  Probe  
  13  0:51  Probe  
  13  0:55  Gateway  
  14  1:04  Probe (Chrono Boost)  
  15  1:09  Assimilator  
  15  1:14  Probe (Chrono Boost)  
  16  1:19  Probe (Chrono Boost)  
  17  1:27  Assimilator  
  17  1:30  Probe  
  18  1:34  Gateway  
  18  1:42  Probe  
  19  1:47  Cybernetics Core  
  19  1:54  Probe  
  19  1:57  Pylon  
  20  2:06  Probe  
  21  2:18  Probe  
  22  2:24  Stalker x2  
  22  2:27  Warp Gate  
  26  2:30  Probe  
  27  2:39  Pylon  
  27  3:00  Stalker x2  
  27  3:03  Probe  
  32  3:13  Robotics Facility  
  32  3:33  Stalker  
  32  3:34  Stalker  
  36  3:37  Gateway  
  36  3:44  Shield Battery  
  35  3:56  Pylon  
  35  4:03  Warp Prism (Chrono Boost)  
  35  4:15  Probe  
  34  4:27  Pylon  
  34  4:33  Stalker  
  36  4:48  Probe  
  37  4:53  Pylon  
  37  5:01  Stalker x2  
  37  5:28  Stalker x3  
Tags
 
Add a new tag
Caveats
  • Supply blocks, unpowered buildings, or Contaminate may cause inaccurate times.
  • Supply counts are checked every 10 seconds.